 Dungeon Crawl Stone Soup version 0.24.1-8-ga250c9d538 (webtiles) character file.

Game seed: 16196143045951790159, levelgen mode: deterministic

625 Peloso the Shield-Bearer (level 7, -3/54 HPs)
             Began as a Demonspawn Fighter on May 1, 2020.
             Slain by a wraith (6 damage)
             ... in an ossuary.
             The game lasted 00:07:08 (3429 turns).

Peloso the Shield-Bearer (Demonspawn Fighter)       Turns: 3429, Time: 00:07:08

Health: -3/54      AC: 10    Str: 24    XL:     7   Next: 23%
Magic:  0/7        EV:  8    Int:  9    God:
Gold:   232        SH: 12    Dex: 12    Spells: 6/6 levels left

rFire    . . .     SeeInvis .   a - +0 long sword
rCold    . . .     Gourm    .   c - +0 shield
rNeg     . . .     Faith    .   b - +0 scale mail
rPois    .         Spirit   +   (no helmet)
rElec    .         Reflect  +   (no cloak)
rCorr    .         Harm     .   (no gloves)
MR       .....                  (no boots)
Stlth    ..........             s - +2 amulet of reflection
HPRegen  0.18/turn              (no ring)
MPRegen  0.10/turn              (no ring)

@: mighty, starving, slowed, very slow
A: molten scales 2, magic shield, rot immunity
a: no special abilities


You were in an ossuary.
You were starving.

You visited 1 branch of the dungeon, and saw 4 of its levels.
You also visited: Ossuary.

You collected 232 gold pieces.

Inventory:

Hand Weapons
 a - a +0 long sword (weapon)
Armour
 b - a +0 scale mail (worn)
 c - a +0 shield (worn)
Jewellery
 l - an uncursed amulet of the acrobat
 s - a +2 amulet of reflection (around neck)
Scrolls
 g - a scroll of blinking {unknown}
 h - 5 scrolls of identify {unknown}
 i - 5 scrolls of remove curse {unknown}
 j - a scroll of random uselessness {unknown}
 m - a scroll of fog {unknown}
 o - 2 scrolls of noise {unknown}
 p - a scroll of magic mapping {unknown}
 v - a scroll of enchant armour {unknown}
 y - a scroll of amnesia {unknown}
 z - a scroll of enchant weapon {unknown}
Potions
 e - a potion of resistance {unknown}
 k - a potion of lignification {unknown}
 n - 3 potions of degeneration {unknown}
 q - a potion of agility {unknown}
 r - 5 potions of invisibility {unknown}
 t - 2 potions of brilliance {unknown}
 u - 3 potions of curing {unknown}
 w - 2 potions of mutation {unknown}
 x - a potion of cancellation {unknown}
Comestibles
 f - 7 rations


   Skills:
 + Level 4.1 Fighting
 + Level 4.3 Long Blades
 + Level 4.1 Armour
 + Level 1.7 Dodging
 + Level 4.5 Shields


You had 6 spell levels left.
You didn't know any spells.
Your spell library was empty.

Dungeon Overview and Level Annotations

Branches:
Dungeon (4/15)            Ossuary (1/1)
 Temple: D:4-7

Altars:
Ashenzari
Trog


Innate Abilities, Weirdness & Mutations

You are mostly covered in molten scales. (AC +3)
When hurt, damage is shared between your health and your magic reserves.
You are immune to rotting.


Message History

The wraith hits you!
* * * LOW HITPOINT WARNING * * *
You closely miss the wraith.
The wraith is severely damaged.
You block the wraith's attack. The wraith hits you but does no damage.
You hit the wraith but do no damage.
The wraith is severely damaged.
You block the wraith's attack. x2
You closely miss the wraith.
The wraith is severely damaged.
The wraith hits you.
* * * LOW HITPOINT WARNING * * *
The wraith drains your vigour!
You feel as though you will be slow longer.
The wraith hits you!
* * * LOW HITPOINT WARNING * * *
You hit the wraith.
The wraith is almost destroyed.
You block the wraith's attack. The wraith hits you!
You die...

########### ##########
........... .........
..........^ ......
###..###.. ###..#### .'...#
.# #. #!#...'.# .#
###..#+#..# #..#W#.^####.^#
.....#.#..#.#..#@#........#
..........................#
###.^.....###....^..####..#
.'....8...# #^..8....'.# .#
###.^..^..# #.......####..#
..........# #.......^.....#
......^.....^^^...........#
###..####.....####..####..#
.'...# ...8... #...'.# .#


You could see a wraith.

Vanquished Creatures
  A centaur (D:3)
  A scorpion (D:4)
  2 hounds
  A centaur skeleton (D:4)
  3 human zombies (Ossuary)
  Jessica (D:2)
  An iguana (D:4)
  2 worker ants (D:4)
  A big kobold zombie (Ossuary)
  A hound skeleton (D:4)
  3 mummies (Ossuary)
  4 adders
  3 gnolls
  An ooze (D:4)
  An adder skeleton (D:4)
  3 worms
  A dart slug (D:2)
  2 leopard geckos (D:4)
  8 orcs
  2 giant cockroaches
  3 goblins
  5 hobgoblins
  3 jackals (D:4)
  8 kobolds
  3 quokkas
  A ball python skeleton (D:4)
  8 bats
  7 frilled lizards
  4 goblin zombies (Ossuary)
  2 kobold zombies (Ossuary)
  An orc zombie (Ossuary)
  A quokka skeleton (D:4)
  6 rats
94 creatures vanquished.

Notes
Turn   | Place    | Note
-------+----------+-------------------------------------------
     0 | D:1      | Peloso the Demonspawn Fighter began the quest for the Orb.
     0 | D:1      | Reached XP level 1. HP: 18/18 MP: 1/1
    83 | D:1      | Gained mutation: When hurt, damage is shared between your
                  | health and your magic reserves. [demonic ancestry]
    83 | D:1      | Reached XP level 2. HP: 21/24 MP: 2/2
   437 | D:2      | Noticed Jessica
   442 | D:2      | Killed Jessica
   442 | D:2      | Gained mutation: You are partially covered in molten
                  | scales. (AC +2) [demonic ancestry]
   442 | D:2      | Reached XP level 3. HP: 29/29 MP: 3/3
   579 | D:2      | Reached XP level 4. HP: 32/35 MP: 4/4
  1049 | D:3      | Noticed a centaur
  1060 | D:3      | Killed a centaur
  1060 | D:3      | Gained mutation: You are mostly covered in molten scales.
                  | (AC +3) [demonic ancestry]
  1060 | D:3      | Reached XP level 5. HP: 17/41 MP: 2/5
  1354 | D:3      | Reached skill level 1 in Dodging
  1819 | D:3      | Found a shattered altar of Ashenzari.
  1866 | D:3      | Noticed a moth of wrath
  1869 | D:3      | Found a bloodstained altar of Trog.
  2220 | D:4      | Reached XP level 6. HP: 33/48 MP: 6/6
  2853 | D:4      | Found a sand-covered staircase.
  2860 | Ossuary  | Entered an ossuary
  2860 | Ossuary  | Noticed a wraith
  2860 | Ossuary  | Noticed a wraith
  2860 | Ossuary  | Noticed a wraith
  2942 | Ossuary  | Gained mutation: You are immune to rotting. [demonic
                  | ancestry]
  2942 | Ossuary  | Reached XP level 7. HP: 37/54 MP: 5/7
  3405 | Ossuary  | Noticed a wraith
  3429 | Ossuary  | Slain by a wraith

Levels and vault maps discovered:
D:1:      dpeg_arrival_shelter, layout_basic, lemuel_flame_loot_1
D:2:      layout_basic, uniq_jessica
D:3:      layout_rooms, tgw_trog, chequers_serial_rivers_micro_d,
          cheibrodos_ashenzari_chains
D:4:      layout_basic, enter_ossuary_4, first_ration
Ossuary:  ossuary_kennysheep_city_of_the_dead

Skill      XL: |  1  2  3  4  5  6 |
---------------+-------------------+-----
Long Blades    | 2 3 4 |  4.3
Armour         | 3 4 |  4.1
Shields        | 3 4 |  4.5
Dodging        | 1 |  1.7
Fighting       | 4 |  4.1

Action                   |  1- 3 |  4- 6 |  7- 9 || total
-------------------------+-------+-------+-------++-------
Melee: Long sword        |    55 |   269 |    91 ||   415
  Use: Potion            |       |       |     1 ||     1
  Eat: Chunk             |       |     7 |       ||     7
Armor: Scale mail        |    27 |   161 |    18 ||   206
Dodge: Dodged            |    22 |   130 |    16 ||   168
Block: Shield            |    43 |   237 |    56 ||   336
       Rpst.: Long sword |     8 |    41 |     7 ||    56
